 Dungeon Crawl Stone Soup version 0.22-a0-542-gce4f928 (webtiles) character file.

27 inc the Chiller (level 3, -3/21 HPs)
             Began as an Octopode Ice Elementalist on June 24, 2018.
             Slain by a goblin (4 damage)
             ... on level 2 of the Dungeon.
             The game lasted 00:01:30 (1062 turns).

inc the Chiller (Octopode Ice Elementalist)         Turns: 1062, Time: 00:01:32

Health: -3/21      AC:  1    Str:  7    XL:     3   Next: 10%
Magic:  0/6        EV: 13    Int: 18    God:
Gold:   72         SH:  0    Dex: 12    Spells: 5/6 levels left

rFire    . . .     SeeInvis .   (no weapon)
rCold    . . .     Gourm    .   (no shield)
rNeg     . . .     Faith    .   (helmet restricted)
rPois    .         Spirit   .   (no amulet)
rElec    .         Reflect  .   g - ring of resist corrosion
rCorr    +         Harm     .   (no ring)
MR       .....                  (no ring)
Stlth    +++.......             (no ring)
HPRegen  0.07/turn              (no ring)
MPRegen  0.10/turn              (no ring)
                                (no ring)
                                (no ring)

@: lethally poisoned (-3 -> -10)
A: almost no armour, stealthy swim, amphibious, 8 rings, constrict 8, camouflage
1, gelatinous body 1
a: no special abilities


You were on level 2 of the Dungeon.
You were hungry.

You visited 1 branch of the dungeon, and saw 2 of its levels.

You collected 72 gold pieces.

Inventory:

Jewellery
 g - a ring of resist corrosion (left tentacle)
Scrolls
 a - a scroll of magic mapping {unknown}
 d - a scroll of enchant weapon {unknown}
 e - a scroll of immolation {unknown}
 h - a scroll of fear {unknown}
Potions
 c - a potion of brilliance {unknown}
 f - 2 potions of might {unknown}
Comestibles
 b - 2 rations


   Skills:
 - Level 2.0 Dodging
 - Level 2.6 Stealth
 - Level 2.0 Spellcasting
   Level 1.0 Conjurations
 + Level 4.2 Ice Magic


You had 5 spell levels left.
You knew the following spells:

 Your Spells              Type           Power        Failure   Level  Hunger
a - Freeze                Ice            ###.         3%          1    #......

Your spell library contained the following spells:

 Spells                   Type           Power        Failure   Level  Hunger
 Throw Frost              Conj/Ice       ##....       10%         2    ###....
 Summon Ice Beast         Ice/Summ       #.......     58%         4    #####..
 Ozocubu's Armour         Chrm/Ice       #.......     22%         3    ###....
 Throw Icicle             Conj/Ice       ##......     52%         4    #####..


Dungeon Overview and Level Annotations

Branches:
Dungeon (2/15)

Altars:


Innate Abilities, Weirdness & Mutations

You cannot wear most types of armour.
You are very stealthy in the water. (Stealth+)
You are amphibious.
You can wear up to eight rings at the same time.
You can use your tentacles to constrict eight enemies at once.
Your skin changes colour to match your surroundings (Stealth+).
Your rubbery body absorbs attacks. (AC +1, EV +1)


Message History

Aim: an adder (heavily wounded, slow)
You freeze the adder.
The adder is severely wounded.
The adder closely misses you. The goblin hits you.
Casting: Freeze (safe; 3% risk of failure)
Confirm with . or Enter, or press ? or * to list all spells.
Aiming: Freeze (safe; 3% risk of failure)
Press: ? - help, Shift-Dir - straight line, f/p - adder
Aim: an adder (severely wounded, slow)
You freeze the adder.
You kill the adder!
Your Ice Magic skill increases to level 4!
You have reached level 3!
Your experience leads to an increase in your attributes!
Increase (S)trength, (I)ntelligence, or (D)exterity?
You feel clever. The hobgoblin hits you with a club.
* * * LOW HITPOINT WARNING * * *
The goblin hits you.
You die...

.........#
#........#
#........#
.#........#####
#.............#
#.............#
#.K.g.......#
#r.@g.....#
+.##..(.... #
.....## .....#
##+###


You could see a hobgoblin, a goblin, a kobold and a rat.

Vanquished Creatures
  An adder (D:2)
  A dart slug (D:1)
  2 leopard geckos (D:1)
  2 goblins (D:1)
  4 hobgoblins (D:1)
  A bat (D:1)
  A frilled lizard (D:1)
  A kobold (D:1)
  A rat (D:1)
14 creatures vanquished.

Notes
Turn   | Place    | Note
-------+----------+-------------------------------------------
     0 | D:1      | inc the Octopode Ice Elementalist began the quest for the Orb.
     0 | D:1      | Reached XP level 1. HP: 11/11 MP: 3/3
   291 | D:1      | Reached XP level 2. HP: 13/17 MP: 1/5
  1062 | D:2      | Reached skill level 4 in Ice Magic
  1062 | D:2      | Reached XP level 3. HP: 7/21 MP: 0/6
  1062 | D:2      | HP: 1/21 [hobgoblin/club (6)]
  1062 | D:2      | Slain by a goblin

Vault maps used:
D:1:      moated_graveyard_arrival
D:2:      first_ration, dk_noncrumbling_3, minmay_curled_crystal

Skill      XL: |  1  2 |
---------------+-------+-----
Ice Magic      | 4 |  4.2
Dodging        | |  2.0
Stealth        | |  2.6
Spellcasting   | |  2.0
Conjurations   | |  1.0

Action                   || total
-------------------------++-------
Melee: Unarmed           ||    13
       Constrict         ||     6
       Tentacles         ||     1
 Cast: Freeze            ||    18
 Stab: Sleeping          ||     1
Armor: Skin              ||     2
Dodge: Dodged            ||    24

Table legend:
 A = Spawn XP
 B = Non-spawn XP
 C = Spawn XP percentage of total XP
 D = Spawn monster count
 E = Non-spawn monster count
 F = Spawn count percentage of total count
 G = Total turns spent on level
                    A         B        C        D         E        F      G
               +---------+---------+-------+---------+---------+-------+---------
         Total |       0 |      39 |   0.0 |       0 |      14 |   0.0 |  1062
               +---------+---------+-------+---------+---------+-------+---------
           D:1 |       0 |      26 |   0.0 |       0 |      13 |   0.0 |  1055
           D:2 |       0 |      13 |   0.0 |       0 |       1 |   0.0 |     7
               +---------+---------+-------+---------+---------+-------+---------
